 Dungeon Crawl Stone Soup version 0.29-a0-700-g2f1814c7b2 (webtiles) character file.

Game seed: 13229019826031156942

2 blackman the Sneak (level 1, -2/18 HPs)
             Began as a Human Delver on June 25, 2022.
             Killed from afar by Blork the orc (13 damage)
             ... with a puff of flame
             ... on level 4 of the Dungeon.
             The game lasted 00:00:47 (224 turns).

blackman the Sneak (Human Delver)                    Turns: 224, Time: 00:00:48

Health: -2/18      AC:  3    Str: 12    XL:     1   Next: 44%
Magic:  1/1        EV: 12    Int: 10    God:
Gold:   45         SH:  0    Dex: 14    Spells: 0/0 levels left

rFire   . . .      SeeInvis .   a - +0 hand axe
rCold   . . .      Faith    .   (no shield)
rNeg    . . .      Spirit   .   b - +0 leather armour
rPois   .          Reflect  .   (no helmet)
rElec   .          Harm     .   (no cloak)
rCorr   .          Rampage  .   (no gloves)
Will    .....                   (no boots)
Stlth   +++.......              (no amulet)
HPRegen 0.06/turn               (no ring)
MPRegen 0.07/turn               (no ring)

@: no status effects
A: no striking features
a: no special abilities


You were on level 4 of the Dungeon.
You visited 1 branch of the dungeon, and saw 2 of its levels.

You collected 45 gold pieces.

Inventory:

Hand Weapons
 a - a +0 hand axe (weapon)
Armour
 b - a +0 leather armour (worn)
Wands
 g - a wand of digging (3)
Scrolls
 c - 3 scrolls of fog
 e - a scroll of fear
Potions
 f - a potion of haste


   Skills:
 - Level 3.0 Fighting
 + Level 2.1 Axes
 - Level 2.0 Dodging
 - Level 5.0 Stealth


You couldn't memorise any spells.
You didn't know any spells.
Your spell library was empty.

Dungeon Overview and Level Annotations

Branches:
Dungeon (5/15)
 Temple: D:4-7

Altars:

Annotations:
D:4 Blork the orc


Message History

Key pressed, stopping explore.
Key pressed, stopping explore.
Key pressed, stopping explore.
There is an open door here.
An adder comes into view.
Found 2 scrolls labelled CARORGH URRI.
Found a scroll of fog.
A giant cockroach comes into view.
Found a stone staircase leading up.
You see here a scroll of fog.
c - 3 scrolls of fog (gained 1)
There are no items here.
Blork the orc comes into view.
He is wielding a +1 dire flail of draining.
Blork the orc shouts!
The giant cockroach closely misses you.
Blork the orc casts a cantrip, but nothing happens.
You barely miss the giant cockroach. The giant cockroach barely misses you.
You hit the giant cockroach.
The giant cockroach is moderately wounded.
The giant cockroach bites you but does no damage.
The giant cockroach barely misses you.
You hit the giant cockroach.
The giant cockroach is almost dead.
The giant cockroach misses you.
You barely miss the giant cockroach.
The giant cockroach is almost dead.
The giant cockroach completely misses you.
The giant cockroach bites you but does no damage.
You hit the giant cockroach.
You kill the giant cockroach!
Blork the orc points at you and mumbles some strange words.
The puff of flame hits you.
Blork the orc gestures wildly while chanting.
Blork the orc seems to speed up.
Blork the orc points at you and mumbles some strange words.
The puff of frost hits you. Blork the orc casts a spell at you.
The puff of flame hits you!
Ouch! That really hurt!
You die...

### ..##+###. .##############
#.....<.. ..............#####
#........ ..............#...#
#........
..............#...####........
................@....o........
...........#.....##...........
...........#.....##.......#.#.
...........#.....########.#
...^.......+....... ...
...........#........ ...
...........#.......... #..
...................... ..
#.#....#####..........


You could see Blork the orc (fast).

Vanquished Creatures
  A giant cockroach (D:4)
  A kobold (D:4)
2 creatures vanquished.

Notes
Turn   | Place    | Note
-------+----------+-------------------------------------------
     0 | D:5      | blackman the Human Delver began the quest for the Orb.
     0 | D:5      | Reached XP level 1. HP: 18/18 MP: 1/1
    26 | D:5      | Noticed a water moccasin
   213 | D:4      | Noticed Blork the orc
   224 | D:4      | Killed from afar by Blork the orc

Illustrated notes

Levels and vault maps discovered:
D:4:      layout_basic, minmay_temple_entry_glassed_door, supply_closet_lemuel,
          uniq_blork_the_orc
D:5:      layout_cave_pools

Action                   || total
-------------------------++-------
Melee: Hand axe          ||     6
  Use: Scroll            ||     1
 Stab: Sleeping          ||     1
Armor: Leather armour    ||     2
Dodge: Dodged            ||     5

Table legend: (Time is in decaauts)
 A = Elapsed time spent in this place.
 B = Non-inter-level travel time spent in this place.
 C = Inter-level travel time spent in this place.
 D = Time resting spent in this place.
 E = Time spent auto-exploring this place.
 F = Levels seen in this place.
 G = Mean time per level.
                   A        B        C        D        E       F      G
               +--------+--------+--------+--------+--------+-----+--------+
         Total |    225 |    196 |     29 |      0 |    127 |   2 |  112.5 |
       Dungeon |    225 |    196 |     29 |      0 |    127 |   2 |  112.5 |
               +--------+--------+--------+--------+--------+-----+--------+

Top non-repeatable levels by time:
     D:4: 192 daAuts
     D:5: 33 daAuts
